 Dungeon Crawl Stone Soup version 0.29-a0-1016-g236c7fd91e (webtiles) character file.

Game seed: 7368553607619920176

1521 lesbiats the Digger (level 8, 0/51 HPs)
             Began as a Gargoyle Earth Elementalist on Aug 9, 2022.
             Was a Follower of Ashenzari.
             Slain by a wight
             ... wielding a +3 war axe
              (4 damage)
             ... on level 6 of the Dungeon on Aug 10, 2022.
             The game lasted 00:45:31 (8907 turns).

lesbiats the Digger (Gargoyle Earth Elementalist)   Turns: 8907, Time: 00:45:32

Health: 0/51       AC:  8    Str: 12      XL:     8   Next: 84%
Magic:  16/16      EV: 12    Int: 18      God:    Ashenzari [*.....]
Gold:   214        SH:  4    Dex:  9 (10) Spells: 12/18 levels left

rFire   + . .      SeeInvis +   f - +0 club of Supernal Gnosis {Comp, Melee} (curse)
rCold   . . .      Faith    .   (no shield)
rNeg    + . .      Spirit   .   x - +0 leather armour of Ashenzari's Gloom {Self, Cun} (curse)
rPois   ∞          Reflect  .   (no helmet)
rElec   +          Harm     .   (no cloak)
rCorr   .          Rampage  .   (no gloves)
Will    .....                   (no boots)
Stlth   ++........              r - amulet of the acrobat
HPRegen 0.17/turn               i - ring of protection from fire
MPRegen 0.15/turn               B - ring of wizardry

@: hasted, very quick
A: sickness immunity, AC +5, negative energy resistance 1, electricity
resistance, torment resistance 1, petrification resistance, large bone plates 1,
see invisible, deterioration 1, noise suppression
a: Renounce Religion, Curse Item, Shatter the Chains


You were on level 6 of the Dungeon.
You worshipped Ashenzari.
Ashenzari was aware of your devotion.
You visited 1 branch of the dungeon, and saw 7 of its levels.

You collected 592 gold pieces.
You spent 378 gold pieces at shops.

Inventory:

Hand Weapons
 f - the cursed +0 club of Supernal Gnosis (weapon) {Comp, Melee}
   (You took it off a kobold on level 1 of the Dungeon)

   It has a curse which improves the following skills: Companions: Summonings
   and Necromancy.
   Melee Combat: Short Blades, Long Blades, Axes, Maces & Flails, Polearms,
   Staves and Unarmed Combat.
 j - a +1 dagger of freezing
Missiles
 m - 61 stones
 v - 6 datura-tipped darts
Armour
 a - a +0 robe
 x - the cursed +0 leather armour of Ashenzari's Gloom (worn) {Self, Cun}
   (You found it on level 3 of the Dungeon)

   It has a curse which improves the following skills: Introspection: Fighting
   and Spellcasting.
   Cunning:   Dodging and Stealth.
Magical Staves
 A - a staff of poison
Jewellery
 i - a ring of protection from fire (left hand)
 o - a ring of ice
 r - an amulet of the acrobat (around neck)
 B - a ring of wizardry (right hand)
 E - an amulet of magic regeneration
Wands
 u - a wand of digging (4)
Scrolls
 c - 3 scrolls of magic mapping
 d - 3 scrolls of brand weapon
 e - 2 scrolls of immolation
 g - 2 scrolls of acquirement
 s - a scroll of identify
 t - 2 scrolls of enchant weapon
 w - 2 scrolls of enchant armour
 y - 2 scrolls of noise
 z - a scroll of amnesia
 F - a scroll of teleportation
 G - a scroll of silence
Potions
 b - 3 potions of magic
 h - 2 potions of flight
 k - 3 potions of degeneration
 n - a potion of brilliance
 p - a potion of curing
 q - 2 potions of cancellation
 D - 2 potions of lignification


   Skills:
 + Level 5.1(5.9) Fighting
 * Level 2.4(3.2) Maces & Flails
 + Level 2.9(3.6) Dodging
 - Level 2.1(2.8) Stealth
 * Level 5.1(5.9) Spellcasting
 * Level 4.8 Conjurations
 - Level 0.7 Transmutations
 - Level 7.0 Earth Magic


You had 12 spell levels left.
You knew the following spells:

 Your Spells              Type           Power      Damage    Failure   Level
a - Stone Arrow           Conj/Erth      52%        3d10      1%          3
b - Sandblast             Erth           60%        2d14      1%          1
p - Passwall              Tmut/Erth      15%        N/A       1%          2

Your spell library contained the following spells:

 Spells                   Type           Power      Damage    Failure   Level
 Ensorcelled Hibernation  Hex/Ice        10%        N/A       10%         2
 Petrify                  Tmut/Erth      19%        N/A       12%         4
 Leda's Liquefaction      Hex/Erth       9%         N/A       14%         4
 Call Canine Familiar     Summ           5%         N/A       17%         3
 Portal Projectile        Hex/Tloc       10%        N/A       19%         3
 Swiftness                Air            5%         N/A       19%         3


Dungeon Overview and Level Annotations

Branches:
Dungeon (7/15)             Temple (0/1) D:5

Altars:
Ashenzari
Cheibriados
Makhleb
Okawaru
Qazlal
Ru
Sif Muna
Xom

Shops:
D:1 !   D:5 **!?


Innate Abilities, Weirdness & Mutations

You are immune to sickness and miasma.
Your stone body is resilient. (AC +5)
You are immune to poison.
You resist negative energy. (rN+)
You are resistant to electric shocks. (rElec)
You are resistant to unholy torment.
You are immune to petrification.
You are partially covered in large bone plates. (SH +4)
You have supernaturally acute eyesight. (SInv)
Your body sometimes deteriorates upon taking damage.
You passively dampen the noise of your surroundings.


Message History

The wight hits you with a +0 long sword.
Aiming: Stone Arrow (safe; 1% risk of failure)
Press: ? - help, Q - select action, (/) - cycle Shift-Dir - straight line, f/p - wight
Aim: a wight, wielding a +0 long sword and wearing a +0 robe (heavily damaged, 71% to hit)
The stone arrow misses the wight.
The wight misses you.
The wight hits you with a +0 long sword.
* * * LOW HITPOINT WARNING * * *
You feel much better. The wight hits you with a +3 war axe!
The wight hits you with a +0 long sword.
Aiming: Stone Arrow (safe; 1% risk of failure)
Press: ? - help, Q - select action, (/) - cycle Shift-Dir - straight line, f/p - wight
Aim: a wight, wielding a +0 long sword and wearing a +0 robe (heavily damaged, 71% to hit)
The stone arrow misses the wight.
You block the wight's attack. The wight hits you but does no damage.
Magic courses through your body. The wight hits you with a +3 war axe!
* * * LOW HITPOINT WARNING * * *
Your body deteriorates!
You feel clumsy. You block the wight's attack.
Aiming: Stone Arrow (safe; 1% risk of failure)
Press: ? - help, Q - select action, (/) - cycle Shift-Dir - straight line, f/p - wight
Aim: a wight, wielding a +0 long sword and wearing a +0 robe (heavily damaged, 71% to hit)
The stone arrow misses the wight.
The wight hits you with a +3 war axe.
* * * LOW HITPOINT WARNING * * *
The wight closely misses you. You block the wight's attack.
The wight completely misses you.
Okay, then.
The wight completely misses you. The wight attacks as you move away!
The wight misses you. The wight attacks as you move away! The wight misses you.
The wight attacks as you move away! You block the wight's attack.
The wight attacks as you move away! The wight completely misses you.
The wight attacks as you move away! The wight hits you with a +3 war axe!
* * * LOW HITPOINT WARNING * * *
The wight attacks as you move away! The wight completely misses you.
The wight attacks as you move away! The wight closely misses you.
Okay, then.
You feel yourself speed up. The wight hits you with a +3 war axe.
You die...

#####..........##...#.)...## #.#
......#..#.###.##...###...# #..
####.##........###### #...# ###
#.###.#..#>.# #...# #
##.##..#.#..# #...#######
######.........# #...#......
#......####.#..########...#.#####
#......####.#..##...............#
#....<......##..@zz.............#
#......#####....#...............#
#......# #.#..#####.#...#.##.##
#......# #....# #.#...#......
.....### ##.### #.#...#.#####
####.# #.# #.......# ####.# #.#
#.#.....# ...#.########.#
#.......# ##.#.#........#
#.##)#.##


You could see 2 wights.

Vanquished Creatures
  A water moccasin (D:3)
  Duvessa (D:5)
  A black bear (D:5)
  2 ogres
  2 phantoms (D:5)
  A centaur (D:5)
  2 necrophages (D:6)
  2 scorpions (D:5)
  Dowan (D:5)
  2 orc priests
  2 hounds
  4 orc wizards
  Ijyb (D:3)
  2 iguanas
  4 gnolls
  10 adders
  A shadow imp (D:6)
  A white imp (D:4)
  2 worms
  5 dart slugs
  15 orcs
  8 bats
  9 endoplasms
  2 giant cockroaches (D:2)
  8 hobgoblins
  A jackal (D:2)
  14 kobolds
  5 quokkas
  11 ball pythons
  2 frilled lizards (D:3)
  11 goblins
  8 rats
141 creatures vanquished.

Notes
Turn   | Place    | Note
-------+----------+-------------------------------------------
     0 | D:1      | lesbiats the Gargoyle Earth Elementalist began the quest
                  | for the Orb.
     0 | D:1      | Reached XP level 1. HP: 10/10 MP: 3/3
   120 | D:1      | Reached XP level 2. HP: 7/16 MP: 0/5
   304 | D:1      | Reached skill level 4 in Earth Magic
   655 | D:1      | Reached skill level 1 in Fighting
   948 | D:1      | Found Vepusif's Distillery.
   954 | D:1      | Bought 2 potions of curing for 84 gold pieces
   963 | D:1      | Reached XP level 3. HP: 13/20 MP: 2/6
  1920 | D:2      | Reached XP level 4. HP: 26/26 MP: 5/7
  2019 | D:2      | Reached skill level 5 in Earth Magic
  2114 | D:2      | Learned a level 2 spell: Passwall
  2118 | D:2      | Learned a level 3 spell: Stone Arrow
  2712 | D:1      | Bought a potion of curing for 42 gold pieces
  3138 | D:3      | You fall into a shaft and drop 2 floors!
  3138 | D:5      | Entered Level 5 of the Dungeon
  3138 | D:5      | Found Kezitiba's Magic Scroll Shop.
  3138 | D:5      | Found Weityroi's Distillery.
  3139 | D:5      | Found Jonki's General Store.
  3139 | D:5      | Found Pem Fora's General Store.
  3140 | D:5      | Noticed a scorpion
  3155 | D:5      | Found a broken altar of Ashenzari.
  3175 | D:5      | Killed a scorpion
  3176 | D:5      | Reached skill level 1 in Conjurations
  3176 | D:5      | Reached XP level 5. HP: 19/31 MP: 4/9
  3179 | D:5      | Noticed a black bear
  3180 | D:5      | Became a worshipper of Ashenzari the Shackled
  3187 | D:5      | Noticed Duvessa
  3189 | D:5      | Found a sacrificial altar of Ru.
  3308 | D:3      | Noticed Ijyb
  3327 | D:3      | Killed Ijyb
  3518 | D:3      | Noticed a water moccasin
  3530 | D:3      | Killed a water moccasin
  3531 | D:3      | Reached XP level 6. HP: 15/37 MP: 4/10
  4329 | D:3      | Found a faded altar of an unknown god.
  4884 | D:4      | Reached skill level 6 in Earth Magic
  4917 | D:4      | Reached XP level 7. HP: 36/41 MP: 7/11
  5700 | D:4      | Reached * piety under Ashenzari
  5700 | D:4      | Identified a scroll of acquirement
  5755 | D:4      | Found a snail-covered altar of Cheibriados.
  6034 | D:1      | Bought a potion of haste for 140 gold pieces
  6034 | D:1      | Bought a potion of lignification for 42 gold pieces
  6034 | D:1      | Gained mutation: Your body sometimes deteriorates upon
                  | taking damage. [potion of mutation]
  6034 | D:1      | Gained mutation: You passively dampen the noise of your
                  | surroundings. [potion of mutation]
  6034 | D:1      | Gained mutation: You are partially covered in large bone
                  | plates. (SH +4) [potion of mutation]
  6034 | D:1      | Gained mutation: You have supernaturally acute eyesight.
                  | (SInv) [potion of mutation]
  6561 | D:5      | Noticed Dowan
  6577 | D:5      | Killed Dowan
  6635 | D:5      | Killed Duvessa
  6638 | D:5      | Reached XP level 8. HP: 13/49 MP: 9/15
  7045 | D:5      | Bought a potion of heal wounds for 70 gold pieces
  7283 | D:5      | Found a stormy altar of Qazlal.
  7494 | D:5      | Found a shimmering altar of Xom.
  7546 | D:5      | Found a shimmering blue altar of Sif Muna.
  7622 | D:5      | Upgraded the game from 0.29-a0-1009-g60c99734e7 to
                  | 0.29-a0-1016-g236c7fd91e
  7760 | D:5      | Found a staircase to the Ecumenical Temple.
  7761 | D:5      | Reached skill level 1 in Maces & Flails
  7761 | D:5      | Reached skill level 7 in Earth Magic
  8229 | D:6      | Reached skill level 5 in Fighting
  8275 | D:6      | Found an iron altar of Okawaru.
  8287 | D:6      | Reached skill level 5 in Spellcasting
  8599 | D:6      | Found a burning altar of Makhleb.
  8894 | D:6      | HP: 1/51 [wight/+3 war axe (12)]
  8907 | D:6      | Slain by a wight

Illustrated notes

Levels and vault maps discovered:
D:1:      spicycebolla_arrival_transporter_tutorial, layout_basic, serial_shops,
          nicolae_shop_trees, minmay_pentomino_v2
D:2:      minmay_razor_zed, layout_basic
D:3:      layout_loops_ring, hellmonk_ecumenical_altar_inner_sanctum,
          minmay_ruptured, uniq_ijyb
D:4:      minmay_opposing_rooms, layout_rooms, cheibrodos_worm_habitat
D:5:      layout_rooms, general_overflow_altar,
          mainiacjoe_overflow_large_starburst,
          mainiacjoe_overflow_concentric_impassable, lemuel_doored_altar,
          minmay_temple_entry_nine_rooms, nrook_uturn, minmay_shop_grid_forest,
          grunt_ministairs_7, uniq_duvessa
D:6:      layout_loops_cross, okawaru_trees_1, makhleb_heckhound_becter
D:7:      layout_rooms

Skill      XL: |  1  2  3  4  5  6  7  8 |
---------------+-------------------------+-----
Earth Magic    | 4 5 6 7 |  7.0
Fighting       | 1 2 3 4 5 |  5.1
Spellcasting   | 3 4 5 |  5.1
Conjurations   | 1 2 3 4 |  4.8
Dodging        | 2 |  2.9
Maces & Flails | 2 |  2.4
Stealth        | |  2.1
Transmutations | |  0.7

Action                   |  1- 3 |  4- 6 |  7- 9 || total
-------------------------+-------+-------+-------++-------
Melee: Unarmed           |     6 |       |       ||     6
       Club              |     4 |    33 |    38 ||    75
       Dagger            |     1 |       |       ||     1
       Punch             |       |     1 |     2 ||     3
 Cast: Sandblast         |    49 |    90 |    23 ||   162
       Stone Arrow       |       |       |    54 ||    54
Invok: Curse Item        |       |     1 |     1 ||     2
  Use: Potion            |       |     4 |     6 ||    10
       Scroll            |       |     6 |     2 ||     8
Armor: Robe              |     8 |    30 |       ||    38
       Leather armour    |       |    18 |    31 ||    49
Dodge: Dodged            |    26 |    94 |    83 ||   203
Block: Other             |       |       |    17 ||    17

Table legend: (Time is in decaauts)
 A = Elapsed time spent in this place.
 B = Non-inter-level travel time spent in this place.
 C = Inter-level travel time spent in this place.
 D = Time resting spent in this place.
 E = Time spent auto-exploring this place.
 F = Levels seen in this place.
 G = Mean time per level.
                   A        B        C        D        E       F      G
               +--------+--------+--------+--------+--------+-----+--------+
         Total |   9106 |   7981 |   1125 |   3341 |   3283 |   7 | 1300.9 |
       Dungeon |   9106 |   7981 |   1125 |   3341 |   3283 |   7 | 1300.9 |
               +--------+--------+--------+--------+--------+-----+--------+

Top non-repeatable levels by time:
     D:3: 1808 daAuts
     D:2: 1685 daAuts
     D:1: 1584 daAuts
     D:4: 1568 daAuts
     D:5: 1544 daAuts
     D:6: 904 daAuts
     D:7: 11 daAuts
